 Dungeon Crawl Stone Soup version 0.30-a0-779-g7971cf19c3 (webtiles) character file.

Game seed: 17240743381728971387

42 Adverbial the Chopper (level 3, 0/33 HPs)
             Began as a Hill Orc Monk on Feb 17, 2023.
             Constricted to death by Ijyb (3 damage)
             ... on level 4 of the Dungeon.
             The game lasted 00:06:31 (862 turns).

Adverbial the Chopper (Hill Orc Monk)                Turns: 862, Time: 00:06:31

Health: 0/33       AC:  2    Str: 13    XL:     3   Next: 56%
Magic:  3/3        EV:  9    Int: 12    God:
Gold:   44         SH:  0    Dex: 13    Spells: 2/2 levels left

rFire   . . .      SeeInvis .    a - +0 hand axe
rCold   . . .      Faith    .    (no shield)
rNeg    . . .      Spirit   .    b - +0 robe
rPois   .          Reflect  .    (no helmet)
rElec   .          Harm     .    (no cloak)
rCorr   .          Rampage  .    (no gloves)
Will    .....                    (no boots)
Stlth   ++                       (no amulet)
HPRegen 0.25/turn                (no ring)
MPRegen 0.08/turn                (no ring)

@: grasped by roots, constricted
A: no striking features
a: no special abilities


You were on level 4 of the Dungeon.
You visited 1 branch of the dungeon, and saw 4 of its levels.

You collected 44 gold pieces.

Inventory:

Hand Weapons
 a - a +0 hand axe (weapon)
Missiles
 k - 5 boomerangs (quivered)
Armour
 b - a +0 robe (worn)
Scrolls
 f - a scroll of teleportation {unknown}
 i - a scroll of identify {unknown}
 j - a scroll of amnesia {unknown}
Potions
 c - a potion of ambrosia
 d - 6 potions of curing {unknown}
 e - a potion of lignification {unknown}
 g - a potion of heal wounds {unknown}
 h - 2 potions of resistance {unknown}


   Skills:
 + Level 3.9 Fighting
 + Level 4.4 Axes
 + Level 2.6 Dodging
 + Level 2.0 Stealth
 * Level 1.1 Conjurations
 * Level 0.9 Earth Magic


You had 2 spell levels left.
You didn't know any spells.
Your spell library contained the following spells:

 Spells                   Type           Power      Damage    Failure   Level
 Stone Arrow              Conj/Erth      4%         3d7       54%         3
 Gell's Gravitas          Tloc           0%         N/A       69%         3
 Teleport Other           Tloc           0%         N/A       69%         3
 Animate Armour           Summ/Erth      2%         N/A       95%         4
 Dispersal                Tloc           0%         N/A       100%        6
 Lehudib's Crystal Spear  Conj/Erth      1%         10d2      100%        8


Dungeon Overview and Level Annotations

Branches:
Dungeon (4/15)
 Temple: D:4-7

Altars:

Annotations:
D:4 Ijyb


Message History

r - Retreat! s - Stop attacking. g - Guard the area. f - Follow me.
Anything else - Cancel.
Okay, then.
Throw: 5 boomerangs
Press: ? - help, Q - select action Shift-Dir - straight line, f - Ijyb
Aim: Ijyb, wielding a +0 dagger, wearing a +0 leather armour and carrying a wand of roots (9) (50% to hit)
You throw a boomerang.
The boomerang hits Ijyb but does no damage.
You closely miss Ijyb. Ijyb hits you with a +0 dagger.
Throw: 5 boomerangs
Press: ? - help, Q - select action Shift-Dir - straight line, f/p - Ijyb
Aim: Ijyb, wielding a +0 dagger, wearing a +0 leather armour and carrying a wand of roots (9) (50% to hit)
You throw a boomerang. The boomerang closely misses Ijyb.
Ijyb hits you but does no damage.
You barely miss Ijyb. Ijyb hits you with a +0 dagger.
You hit Ijyb.
Ijyb is lightly wounded.
Ijyb grins evilly.
Ijyb hits you with a +0 dagger.
You miss Ijyb.
Ijyb is lightly wounded.
Ijyb zaps a wand.
The roots erupt in riotous growth!
The grasping roots grab you!
Ijyb is unaffected.
The grasping roots constrict you. Ijyb closely misses you.
The grasping roots constrict you.
You closely miss Ijyb.
Ijyb is lightly wounded.
Ijyb hits you with a +0 dagger. The grasping roots constrict you.
* * * LOW HITPOINT WARNING * * *
You miss Ijyb.
Ijyb is lightly wounded.
Ijyb hits you with a +0 dagger.
* * * LOW HITPOINT WARNING * * *
The grasping roots constrict you.
* * * LOW HITPOINT WARNING * * *
You hit Ijyb.
Ijyb is lightly wounded.
Ijyb hits you but does no damage. The grasping roots constrict you.
You die...

#.....#
#.....##
#......
#..$.. ....
###
#.####.....
#.....^#
#.######
#@# #g# #.#
#.# #?# #..
#.. #..


You could see Ijyb.

Vanquished Creatures
  A worm (D:3)
  A dart slug (D:1)
  2 bats
  4 endoplasms
  5 goblins
  3 hobgoblins
  6 jackals
  2 quokkas
  3 ball pythons
  3 kobolds (D:1)
  2 rats (D:1)
32 creatures vanquished.

Notes
Turn   | Place    | Note
-------+----------+-------------------------------------------
     0 | D:1      | Adverbial the Hill Orc Monk began the quest for the Orb.
     0 | D:1      | Reached XP level 1. HP: 19/19 MP: 1/1
   126 | D:1      | Reached XP level 2. HP: 27/27 MP: 2/2
   408 | D:2      | Reached XP level 3. HP: 19/33 MP: 3/3
   574 | D:3      | HP: 1/33 [worm (8)]
   713 | D:3      | Reached skill level 1 in Conjurations
   851 | D:4      | Noticed Ijyb
   862 | D:4      | Constricted to death by Ijyb

Illustrated notes

Levels and vault maps discovered:
D:1:      minmay_arrival_open_corners, layout_rooms, minmay_3d_cube
D:2:      layout_rooms, supply_closet_lemuel, patterned_corridor
D:3:      layout_basic, serial_shops, nicolae_shop_hallway_plus
D:4:      layout_loops_corners, minmay_temple_entry_waves,
          minmay_joined_circles, uniq_menkaure, uniq_ijyb

Skill      XL: |  1  2  3 |
---------------+----------+-----
Stealth        | 2 |  2.0
Conjurations   | 1 |  1.1
Fighting       | |  3.9
Axes           | |  4.4
Dodging        | |  2.6
Earth Magic    | |  0.9

Action                     || total
---------------------------++-------
  Melee: Hand axe          ||   111
         Punch             ||     3
  Throw: Boomerang         ||     2
 Armour: Robe              ||    20
  Dodge: Dodged            ||    78

Table legend: (Time is in decaauts)
 A = Elapsed time spent in this place.
 B = Non-inter-level travel time spent in this place.
 C = Inter-level travel time spent in this place.
 D = Time resting spent in this place.
 E = Time spent auto-exploring this place.
 F = Levels seen in this place.
 G = Mean time per level.
                   A        B        C        D        E       F      G
               +--------+--------+--------+--------+--------+-----+--------+
         Total |    871 |    871 |      0 |    196 |      0 |   4 |  217.8 |
       Dungeon |    871 |    871 |      0 |    196 |      0 |   4 |  217.8 |
               +--------+--------+--------+--------+--------+-----+--------+

Top non-repeatable levels by time:
     D:1: 397 daAuts
     D:3: 325 daAuts
     D:2: 134 daAuts
     D:4: 14 daAuts
